[Event "Thursday Night Engine Tour 11 Rd Swiss 5m+1s Starts at 2200hrs ST"]
[Site "Infinity Chess"]
[Date "2018.1.18"]
[Round "5"]
[White "BraveDevil"]
[Black "ocirema"]
[Result "1/2-1/2"]
[ECO "E12"]
[WhiteElo "2515"]
[BlackElo "2484"]
[WhiteEngine "Cryptic AIL V1"]
[BlackEngine "stockfish_18011309_x64_modern_CTG"]
[EventType "Swiss"]
[WhiteTeam ""]
[BlackTeam ""]
[PlyCount "96"]
[TimeControl "300+1"]

1. d4 Nf6 2. c4 e6 3. Nf3 b6 4. Nc3 Bb4 5. e3 O-O 6. Bd3 d5 7. O-O Bb7 
8. cxd5 exd5 9. a3 Bd6 10. b4 Nbd7 11. Qc2 a6 12. b5 Be7 13. bxa6 Bxa6 
14. Bxa6 Rxa6 15. Nb5 c5 16. Rd1 Qc8 17. a4 cxd4 18. Nfxd4 Qxc2 19. Nxc2 Rc8 
20. Ncd4 Rc4 21. Bb2 Rcxa4 22. Rac1 Rc4 23. Nc3 Bf8 24. Nxd5 Rxc1 25. Nxf6+ Nxf6 
26. Rxc1 Ra2 27. Rc2 Ne4 28. f3 Nc5 29. Kf1 g6 30. Ke2 f5 31. Kd1 Kf7 
32. Nb5 Bh6 33. Bd4 Rxc2 34. Kxc2 Ke6 35. Nc7+ Kd7 36. Nd5 Kc6 37. Nf6 Ne6 
38. Nxh7 Nxd4+ 39. exd4 Bg7 40. Kd3 Kd5 41. g4 fxg4 42. fxg4 Bxd4 43. Nf8 g5 
44. Nh7 Be5 45. Nxg5 Bxh2 46. Ne4 Be5 47. g5 b5 48. Nc3+ Kc5 1/2-1/2

[Event "Thursday Night Engine Tour 11 Rd Swiss 5m+1s Starts at 2200hrs ST"]
[Site "Infinity Chess"]
[Date "2018.1.18"]
[Round "5"]
[White "Victorious"]
[Black "neófito"]
[Result "1/2-1/2"]
[ECO "A05"]
[WhiteElo "2541"]
[BlackElo "2494"]
[WhiteEngine "BugChess2.41_Release"]
[BlackEngine "BrainFish_180113_x64_bmi2"]
[EventType "Swiss"]
[WhiteTeam ""]
[BlackTeam ""]
[PlyCount "134"]
[TimeControl "300+1"]

1. Nf3 Nf6 2. d4 d5 3. e3 c5 4. Nbd2 e6 5. c3 b6 6. Bb5+ Nbd7 7. e4 dxe4 
8. Nxe4 Nxe4 9. Bc6 Rb8 10. Bxe4 Qc7 11. Bg5 Bd6 12. Qe2 O-O 13. O-O h6 
14. Bh4 b5 15. Rad1 Rb6 16. Bc2 cxd4 17. Rxd4 e5 18. Rd2 f5 19. Rfd1 e4 
20. Nd4 Bxh2+ 21. Kh1 Bf4 22. Nxb5 Rxb5 23. Qxb5 Bxd2 24. Qd5+ Kh8 25. Qxd2 g5 
26. Qd4+ Nf6 27. Bg3 f4 28. Bh2 Qe7 29. c4 Kg7 30. c5 Re8 31. Ba4 Bg4 
32. Bxe8 Bxd1 33. Bb5 Qb7 34. Be8 Qd5 35. Qxd5 Nxd5 36. Bc6 Nf6 37. Bb7 a5 
38. Kg1 Kg6 39. c6 Nd5 40. c7 Nxc7 41. Bxe4+ Kf6 42. f3 Ne6 43. Kf1 Ke5 
44. Bg1 Nd4 45. Bd3 h5 46. Bf2 g4 47. fxg4 hxg4 48. Be1 a4 49. Bc3 g3 
50. Ba5 Ne6 51. Bb6 Bh5 52. Bb5 Bd1 53. Bd3 f3 54. gxf3 Bxf3 55. Bb5 Bd5 
56. a3 Bb3 57. Bc6 Nf4 58. Bc7+ Kf5 59. Bf3 Be6 60. Bc6 Bc4+ 61. Kg1 Kg4 
62. Bxf4 Kxf4 63. Bxa4 Ke3 64. Kg2 Bd5+ 65. Kxg3 Kd2 66. Kf4 Kc1 67. b4 Kb2 
1/2-1/2

[Event "Thursday Night Engine Tour 11 Rd Swiss 5m+1s Starts at 2200hrs ST"]
[Site "Infinity Chess"]
[Date "2018.1.18"]
[Round "5"]
[White "klasman"]
[Black "Coco69"]
[Result "1/2-1/2"]
[ECO "C50"]
[WhiteElo "2469"]
[BlackElo "2494"]
[WhiteEngine "Raubfisch ME262_GTZ16b2_CTG"]
[BlackEngine "Raubfisch X37b3._CTG"]
[EventType "Swiss"]
[WhiteTeam ""]
[BlackTeam ""]
[PlyCount "51"]
[TimeControl "300+1"]

1. e4 e5 2. Nf3 Nc6 3. Bc4 Bc5 4. O-O Nf6 5. d3 d6 6. c3 O-O 7. h3 a5 8. Nbd2 h6 
9. Re1 Be6 10. a4 Ba7 11. b3 d5 12. exd5 Nxd5 13. Ne4 Re8 14. Bd2 Nf6 
15. Qe2 Qe7 16. Bb5 Bxb3 17. c4 Nxe4 18. Qxe4 Rad8 19. Bxc6 bxc6 20. Qxe5 Qxe5 
21. Nxe5 Bb6 22. Ra3 Bc2 23. Ra2 Bb3 24. Ra3 Bc2 25. Ra2 Bb3 26. Ra3 1/2-1/2

[Event "Thursday Night Engine Tour 11 Rd Swiss 5m+1s Starts at 2200hrs ST"]
[Site "Infinity Chess"]
[Date "2018.1.18"]
[Round "5"]
[White "Zor"]
[Black "incredible"]
[Result "1/2-1/2"]
[ECO "E12"]
[WhiteElo "2560"]
[BlackElo "2502"]
[WhiteEngine "Cryptic AIL V1"]
[BlackEngine "Stockfish_x64_bmi2"]
[EventType "Swiss"]
[WhiteTeam ""]
[BlackTeam ""]
[PlyCount "191"]
[TimeControl "300+1"]

1. d4 Nf6 2. c4 e6 3. Nf3 b6 4. Nc3 Bb4 5. e3 O-O 6. Bd3 Bb7 7. O-O c5 8. Bd2 d5 
9. cxd5 Bxc3 10. bxc3 Bxd5 11. c4 Be4 12. Bc3 Nc6 13. Be2 cxd4 14. exd4 Rc8 
15. Re1 Qd6 16. Qd2 Bg6 17. Bb2 Qb4 18. Red1 Qxd2 19. Nxd2 Nb4 20. Ba3 a5 
21. Nf1 b5 22. cxb5 Ne4 23. Ne3 Nc3 24. Rd2 Nxe2+ 25. Rxe2 Rb8 26. d5 exd5 
27. Bxb4 axb4 28. Nxd5 Rxb5 29. Rd1 h6 30. h4 f6 31. Rd4 Rfb8 32. Ne7+ Kh7 
33. Nxg6 Kxg6 34. f3 R8b7 35. Rg4+ Kf7 36. Rb2 b3 37. axb3 Rxb3 38. Rxb3 Rxb3 
39. Kf2 Rb2+ 40. Kg3 f5 41. Ra4 Kf6 42. f4 Rb3+ 43. Kf2 Kf7 44. g3 Rb7 
45. Ke2 h5 46. Kf3 g6 47. Kg2 Ke6 48. Ra2 Rb4 49. Kf3 Rb3+ 50. Kf2 Kf6 
51. Ra5 Rb2+ 52. Ke1 Kf7 53. Ra7+ Kg8 54. Kf1 Rb1+ 55. Ke2 Rb3 56. Ra8+ Kf7 
57. Ra7+ Kf6 58. Ra6+ Kf7 59. Kf2 Rb2+ 60. Ke1 Kg7 61. Ra4 Rb1+ 62. Kf2 Rb2+ 
63. Ke1 Rb6 64. Ra7+ Kf6 65. Kf2 Re6 66. Ra4 Rb6 67. Ra2 Ke6 68. Ra3 Rb2+ 
69. Ke1 Rb1+ 70. Kd2 Rb2+ 71. Ke3 Rb4 72. Kf3 Kf7 73. Ra7+ Kf6 74. Ra3 Rb6 
75. Ra2 Rb3+ 76. Kg2 Rd3 77. Kh3 Ke6 78. Ra1 Rd7 79. Kg2 Rd4 80. Kf3 Rd3+ 
81. Kg2 Kd5 82. Ra5+ Ke4 83. Ra2 Rb3 84. Kh3 Kf3 85. Ra6 Rb8 86. Rxg6 Rb1 
87. Kh2 Ra1 88. Rh6 Rb1 89. Rxh5 Rb2+ 90. Kg1 Rb1+ 91. Kh2 Ra1 92. Rxf5 Ra2+ 
93. Kg1 Ra1+ 94. Kh2 Ra2+ 95. Kg1 Ra1+ 96. Kh2 1/2-1/2

[Event "Thursday Night Engine Tour 11 Rd Swiss 5m+1s Starts at 2200hrs ST"]
[Site "Infinity Chess"]
[Date "2018.1.18"]
[Round "4"]
[White "OlivierEvan"]
[Black "tris77"]
[Result "1-0"]
[ECO "B90"]
[WhiteElo "2415"]
[BlackElo "2425"]
[WhiteEngine "Houdini 6"]
[BlackEngine "Raubfisch X37b_CTG"]
[EventType "Swiss"]
[WhiteTeam ""]
[BlackTeam ""]
[PlyCount "215"]
[TimeControl "300+1"]

1. e4 c5 2. Nf3 d6 3. d4 cxd4 4. Nxd4 Nf6 5. Nc3 a6 6. Be3 e5 7. Nb3 Be6 
8. f3 Be7 9. Qd2 O-O 10. O-O-O Nbd7 11. g4 b5 12. g5 Nh5 13. Nd5 Bxd5 
14. exd5 f6 15. gxf6 Bxf6 16. Na5 Qe8 17. Bh3 Nf4 18. Bxf4 exf4 19. Rhe1 Ne5 
20. Re4 Kh8 21. Qe2 Qh5 22. Be6 Bd8 23. Nc6 Nc4 24. Kb1 Bb6 25. a4 Qg5 
26. Bd7 Ne3 27. a5 Bd8 28. Rd2 Bf6 29. c3 Qg1+ 30. Ka2 Qg5 31. Qd3 Nc4 
32. Rde2 Ne3 33. Re6 Nc4 34. Qe4 g6 35. Qd3 Bg7 36. Re7 Bf6 37. R7e4 Ne3 
38. Re6 Nc4 39. b3 Ne5 40. Nxe5 Bxe5 41. Bc6 Rab8 42. R2xe5 dxe5 43. Qe2 b4 
44. h4 Qh5 45. c4 Qxh4 46. Qxe5+ Kg8 47. d6 Qf2+ 48. Qe2 Qxe2+ 49. Rxe2 Rbd8 
50. c5 Rf5 51. Rc2 Kf7 52. Kb2 Ke6 53. Bb7 Rb8 54. Bxa6 h5 55. c6 Kxd6 
56. c7 Rh8 57. c8=R Rxc8 58. Bxc8 Rxa5 59. Rc4 Re5 60. Rxb4 Re2+ 61. Ka3 g5 
62. Rb5 Re8 63. Bh3 Rg8 64. Bf1 g4 65. Rxh5 g3 66. Rf5 g2 67. Bxg2 Rxg2 
68. Ka4 Rd2 69. Rxf4 Ke6 70. b4 Rh2 71. Rc4 Kd5 72. Rc5+ Ke6 73. f4 Rh8 
74. f5+ Kf7 75. Rc7+ Kf6 76. Rc6+ Kf7 77. f6 Ra8+ 78. Kb5 Rb8+ 79. Rb6 Rf8 
80. Rb7+ Kg6 81. f7 Kh6 82. Re7 Rb8+ 83. Ka6 Ra8+ 84. Kb7 Rd8 85. f8=Q+ Rxf8 
86. b5 Kg6 87. b6 Rf2 88. Re1 Kf5 89. Kb8 Rb2 90. b7 Kf4 91. Ra1 Rb4 92. Ka7 Ke5 
93. b8=Q+ Rxb8 94. Kxb8 Kd4 95. Kc7 Ke5 96. Ra4 Kd5 97. Kd7 Ke5 98. Kc6 Kf6 
99. Ra5 Ke6 100. Rd5 Ke7 101. Rd6 Ke8 102. Rd7 Kf8 103. Ra7 Kg8 104. Kd5 Kh8 
105. Ke5 Kg8 106. Kf6 Kh8 107. Kg6 Kg8 108. Ra8# 1-0

[Event "Thursday Night Engine Tour 11 Rd Swiss 5m+1s Starts at 2200hrs ST"]
[Site "Infinity Chess"]
[Date "2018.1.18"]
[Round "4"]
[White "neófito"]
[Black "ludimilojko"]
[Result "1-0"]
[ECO "B90"]
[WhiteElo "2482"]
[BlackElo "2390"]
[WhiteEngine "BrainFish_180113_x64_bmi2"]
[BlackEngine "CorChess 2.0_x64_CTG"]
[EventType "Swiss"]
[WhiteTeam ""]
[BlackTeam ""]
[PlyCount "179"]
[TimeControl "300+1"]

1. e4 c5 2. Nf3 d6 3. d4 cxd4 4. Nxd4 Nf6 5. Nc3 a6 6. Be3 e5 7. Nf3 Be7 
8. Bc4 O-O 9. O-O Be6 10. Bxe6 fxe6 11. Na4 Nfd7 12. c4 Nc6 13. Rc1 Nc5 
14. Nxc5 dxc5 15. Qxd8 Raxd8 16. Rcd1 b6 17. Rxd8 Rxd8 18. g3 Kf7 19. h4 Bf6 
20. Rc1 Nb4 21. Ra1 g6 22. Kf1 Ke7 23. Kg2 h5 24. Bd2 Nc2 25. Rb1 Nd4 
26. Be3 Nc6 27. Rc1 Rd3 28. Kf1 a5 29. Ne1 Rd7 30. Rc3 Kd6 31. Rd3+ Nd4 
32. Rd1 Rd8 33. Rc1 Kc7 34. Nd3 Bg7 35. Ke1 Bf6 36. Kd2 Bg7 37. Bg5 Rf8 
38. Kd1 Rf3 39. Be3 Nc6 40. Ke2 Rf8 41. Rd1 a4 42. Rc1 Nd4+ 43. Kf1 Kc6 
44. Rc3 Rd8 45. Ke1 Kc7 46. Bg5 Rd7 47. Kd2 Nf3+ 48. Ke2 Nd4+ 49. Ke3 Rd6 
50. Kd2 Nf3+ 51. Ke2 Nd4+ 52. Kf1 Kc6 53. b4 axb3 54. axb3 Rd7 55. b4 Ra7 
56. bxc5 bxc5 57. Bc1 Bf6 58. Ra3 Rxa3 59. Bxa3 Nb3 60. Bc1 Na5 61. Nb2 Nb3 
62. Be3 Nd4 63. Nd3 Kd6 64. Bh6 Nc6 65. Bf8+ Be7 66. Bg7 Bd8 67. Kg2 Be7 
68. Kh3 Bd8 69. Kg2 Be7 70. Kh3 Bd8 71. g4 Ke7 72. Nxe5 Nxe5 73. Bxe5 Ba5 
74. f4 Bb4 75. f5 Kf7 76. fxg6+ Kxg6 77. gxh5+ Kxh5 78. Bd6 Kg6 79. Kg4 Kf6 
80. h5 Kf7 81. h6 Kg6 82. Kf4 Kf6 83. h7 Bd2+ 84. Kg4 Kg7 85. Bxc5 Kxh7 
86. Bd6 Kg7 87. c5 Bb4 88. e5 Ba5 89. c6 Kf7 90. c7 1-0

[Event "Thursday Night Engine Tour 11 Rd Swiss 5m+1s Starts at 2200hrs ST"]
[Site "Infinity Chess"]
[Date "2018.1.18"]
[Round "4"]
[White "klasman"]
[Black "Dovahkiin"]
[Result "1-0"]
[ECO "B90"]
[WhiteElo "2453"]
[BlackElo "2455"]
[WhiteEngine "Raubfisch ME262_GTZ16b2_CTG"]
[BlackEngine "BrainFish_180113_x64_modern_CTG"]
[EventType "Swiss"]
[WhiteTeam ""]
[BlackTeam ""]
[PlyCount "75"]
[TimeControl "300+1"]

1. e4 c5 2. Nf3 d6 3. d4 cxd4 4. Nxd4 Nf6 5. Nc3 a6 6. Be3 e5 7. Nb3 Be6 
8. f3 h5 9. Qd2 Nbd7 10. Nd5 Bxd5 11. exd5 g6 12. Be2 Bg7 13. O-O b6 14. c4 O-O 
15. Rae1 Re8 16. Bf2 Qc7 17. Bd3 Kh7 18. a4 Bh6 19. Qd1 Bg5 20. Nd2 Nc5 
21. Bc2 Kg7 22. h4 Bh6 23. Nb1 Ncd7 24. Na3 Ng8 25. b3 Ne7 26. Nb1 f5 
27. Nc3 Rf8 28. Kh1 f4 29. Rg1 Kh7 30. Ne4 Nf6 31. a5 Nxe4 32. Bxe4 bxa5 
33. c5 Nf5 34. Kh2 Rab8 35. c6 Qe7 36. Qc2 Kg7 37. Bxf5 gxf5 38. Ra1 1-0

[Event "Thursday Night Engine Tour 11 Rd Swiss 5m+1s Starts at 2200hrs ST"]
[Site "Infinity Chess"]
[Date "2018.1.18"]
[Round "4"]
[White "Cepri"]
[Black "KULLANI"]
[Result "1/2-1/2"]
[ECO "D31"]
[WhiteElo "2469"]
[BlackElo "2446"]
[WhiteEngine "asmFishW_12J18Mb_CTG"]
[BlackEngine "BrainFish_180113_x64_CTG"]
[EventType "Swiss"]
[WhiteTeam ""]
[BlackTeam ""]
[PlyCount "122"]
[TimeControl "300+1"]

1. d4 d5 2. c4 e6 3. Nc3 c6 4. e4 dxe4 5. Nxe4 Bb4+ 6. Bd2 Qxd4 7. Bxb4 Qxe4+ 
8. Be2 Na6 9. Ba5 b6 10. Qd6 Bd7 11. Bc3 f6 12. Nf3 Nh6 13. Rd1 Rd8 14. Qa3 Bc8 
15. Nd2 Qf4 16. Bh5+ Nf7 17. O-O c5 18. Qa4+ Ke7 19. Rfe1 Ng5 20. Re3 Rd6 
21. Rde1 Rhd8 22. Nf3 Kf8 23. a3 Nf7 24. Re4 Qh6 25. Rh4 g6 26. Bg4 Qg7 
27. Bh3 Nc7 28. Qxa7 Ne8 29. Rhe4 e5 30. Bxc8 Rxc8 31. R4e2 Nh6 32. Qxg7+ Nxg7 
33. Nd2 Rdc6 34. b4 Ra8 35. f4 Rxa3 36. Ne4 exf4 37. Bb2 cxb4 38. Nxf6 Re3 
39. Rxe3 fxe3 40. Nxh7+ Kg8 41. Nf6+ Kf7 42. Rxe3 Rxf6 43. Bxf6 Ng4 
44. Re7+ Kxf6 45. Rb7 b3 46. Rxb6+ Ne6 47. Rxb3 Ne5 48. Rb4 Kf5 49. h3 Ke4 
50. Kh2 g5 51. Kg3 Kd4 52. h4 gxh4+ 53. Kxh4 Nc5 54. Rb8 Ne4 55. Rb4 Nc5 
56. Kg5 Ne4+ 57. Kf5 Nd6+ 58. Kf6 Ndxc4 59. Ra4 Kd5 60. Kg5 Ne3 61. Ra5+ Ke4 
1/2-1/2

[Event "Thursday Night Engine Tour 11 Rd Swiss 5m+1s Starts at 2200hrs ST"]
[Site "Infinity Chess"]
[Date "2018.1.18"]
[Round "4"]
[White "ocirema"]
[Black "star99"]
[Result "1/2-1/2"]
[ECO "A50"]
[WhiteElo "2484"]
[BlackElo "2473"]
[WhiteEngine "stockfish_18011309_x64_modern_CTG"]
[BlackEngine "Cryptic AIL V1"]
[EventType "Swiss"]
[WhiteTeam ""]
[BlackTeam ""]
[PlyCount "92"]
[TimeControl "300+1"]

1. d4 Nf6 2. c4 c6 3. Nf3 d5 4. Nc3 e6 5. Bg5 h6 6. Bxf6 Qxf6 7. e3 Qd8 
8. Bd3 Be7 9. Qc2 Nd7 10. O-O O-O 11. Rac1 dxc4 12. Bxc4 b6 13. Rfd1 Bb7 
14. a3 Qb8 15. Ba2 Rd8 16. Bb1 Nf8 17. Ne5 c5 18. f4 cxd4 19. exd4 Bd6 20. g3 a6 
21. Qe2 Qa7 22. Ne4 Bd5 23. Nc3 Bb7 24. Be4 Rac8 25. Bxb7 Qxb7 26. Ne4 b5 
27. Rxc8 Qxc8 28. b4 Bxe5 29. dxe5 Rxd1+ 30. Qxd1 Qc4 31. Nc5 Qc3 32. Qd3 Qb2 
33. Nxa6 g5 34. fxg5 hxg5 35. Nc5 Qxe5 36. Qxb5 Qd4+ 37. Kf1 Qa1+ 38. Kg2 Qa2+ 
39. Kf1 Qxa3 40. Nd3 Qa1+ 41. Kg2 Qa2+ 42. Nf2 Qa8+ 43. Kg1 Qa1+ 44. Kg2 Qa8+ 
45. Kg1 Qa1+ 46. Kg2 Qa8+ 1/2-1/2

[Event "Thursday Night Engine Tour 11 Rd Swiss 5m+1s Starts at 2200hrs ST"]
[Site "Infinity Chess"]
[Date "2018.1.18"]
[Round "4"]
[White "incredible"]
[Black "RonWeasley"]
[Result "1-0"]
[ECO "E20"]
[WhiteElo "2486"]
[BlackElo "2494"]
[WhiteEngine "Stockfish_x64_bmi2"]
[BlackEngine "BrainFish 130117_CTG"]
[EventType "Swiss"]
[WhiteTeam ""]
[BlackTeam ""]
[PlyCount "169"]
[TimeControl "300+1"]

1. d4 Nf6 2. c4 e6 3. Nc3 d5 4. cxd5 exd5 5. Bg5 c6 6. e3 h6 7. Bh4 Be7 
8. Qc2 O-O 9. Bd3 Re8 10. Nge2 Nbd7 11. O-O Nf8 12. f3 Ne6 13. Bg3 b5 
14. Rac1 a5 15. Rfd1 Bf8 16. Be5 Nd7 17. Bg3 Bb7 18. Bh7+ Kh8 19. Bd3 Kg8 
20. e4 b4 21. Na4 Rc8 22. e5 c5 23. Bb5 cxd4 24. Qd2 Rxc1 25. Rxc1 d3 
26. Qxd3 Ndc5 27. Qd2 Nxa4 28. Bxa4 Re7 29. Nf4 Rc7 30. Rd1 Qg5 31. Nxe6 fxe6 
32. Bf2 Ba6 33. Qxg5 hxg5 34. Be3 Bc5 35. Kf2 Bxe3+ 36. Kxe3 Kf8 37. g3 Rc5 
38. Rd2 Rc1 39. Rc2 Ra1 40. Rc6 Bc4 41. Kd4 Rxa2 42. b3 Ra3 43. Rxe6 Bxb3 
44. Re8+ Kf7 45. Bd7 Bc2 46. Kc5 g6 47. e6+ Kg7 48. Re7+ Kh6 49. Rf7 Re3 
50. e7 b3 51. Ba4 Re2 52. Kd6 d4 53. Rf6 Rxe7 54. Kxe7 d3 55. Bxb3 Bxb3 
56. Rd6 Bc2 57. Kf8 d2 58. Rxd2 Bb3 59. Ke7 Kg7 60. Rd7 Bf7 61. Ra7 a4 
62. Rxa4 Bd5 63. Ra5 Bxf3 64. Rxg5 Bd1 65. h4 Be2 66. h5 Bd3 67. hxg6 Bb1 
68. Rg4 Bc2 69. Ke6 Bd1 70. Rd4 Bc2 71. Rg4 Bb1 72. Ke5 Bd3 73. Rg5 Bb1 
74. g4 Bd3 75. Kd5 Bc2 76. Ke5 Bb3 77. Kf4 Kf6 78. Rb5 Ba2 79. Rb6+ Ke7 
80. Ke5 Kd7 81. g7 Bc4 82. Rb8 Bf1 83. g8=Q Be2 84. Rb7+ Kc6 85. Qd5# 1-0

[Event "Thursday Night Engine Tour 11 Rd Swiss 5m+1s Starts at 2200hrs ST"]
[Site "Infinity Chess"]
[Date "2018.1.18"]
[Round "4"]
[White "Victorious"]
[Black "BraveDevil"]
[Result "1/2-1/2"]
[ECO "A50"]
[WhiteElo "2542"]
[BlackElo "2514"]
[WhiteEngine "BugChess2.41_Release"]
[BlackEngine "Cryptic AIL V1"]
[EventType "Swiss"]
[WhiteTeam ""]
[BlackTeam ""]
[PlyCount "175"]
[TimeControl "300+1"]

1. d4 Nf6 2. c4 c6 3. Nf3 d5 4. cxd5 cxd5 5. Nc3 Nc6 6. Bf4 Nh5 7. Bd2 Nf6 
8. Rc1 e6 9. e3 Bd6 10. Bd3 O-O 11. O-O h6 12. e4 Nb4 13. Bb1 dxe4 14. Nxe4 Nxe4 
15. Bxe4 Qb6 16. Rc3 f5 17. Bb1 a5 18. Re1 Nd5 19. Rb3 Qa7 20. a3 Bd7 
21. Rd3 Rf6 22. Ne5 Bxe5 23. dxe5 Rg6 24. Ba2 Bc6 25. g3 Qa6 26. Qc2 Ba4 
27. Qb1 Bc6 28. Qc2 Rd8 29. Bf4 Kh7 30. Bxd5 Bxd5 31. Qd2 Rc8 32. f3 h5 
33. Kf2 Rc5 34. Be3 Rc4 35. Rd4 b5 36. Rxc4 bxc4 37. Qc3 a4 38. h4 Qa8 
39. Bf4 Qb7 40. Bg5 Qb5 41. Kf1 Qb7 42. Kf2 Kg8 43. Ke2 Qa7 44. Bf4 Kh7 
45. Rb1 Qb6 46. Rd1 Kg8 47. Rc1 Qc6 48. Rf1 Qb6 49. Re1 Kh7 50. Rf1 Qa7 
51. Bg5 Qa6 52. Rf2 Qc6 53. Kd2 Qb7 54. Ke1 Qb8 55. Bf4 Kg8 56. Kd2 Qb6 
57. Rf1 Qc7 58. Rf2 Qb7 59. Rf1 Kf7 60. Ke2 Kg8 61. Kd2 Qf7 62. Kc1 Qd7 
63. Qe3 Qb5 64. Rf2 Qc6 65. Kd2 Qb5 66. Kd1 Qb8 67. Qc3 Qb7 68. Kc2 Qa7 
69. Rf1 Qb7 70. Qe3 Kh7 71. Rf2 Qc6 72. Kb1 Kg8 73. Rf1 Qb7 74. Rf2 Qc6 
75. Rf1 Qb7 76. Kc1 Qb5 77. Rf2 Qb7 78. Kd1 Kh8 79. Ke1 Qc7 80. Qc3 Ba8 
81. Kd2 Qc5 82. Rf1 Kh7 83. Kd1 Qc6 84. Rf2 Qd5+ 85. Kc1 Bb7 86. Bg5 Qc5 
87. Rf1 Qd5 88. Re1 1/2-1/2

[Event "Thursday Night Engine Tour 11 Rd Swiss 5m+1s Starts at 2200hrs ST"]
[Site "Infinity Chess"]
[Date "2018.1.18"]
[Round "4"]
[White "Coco69"]
[Black "Zor"]
[Result "1/2-1/2"]
[ECO "B90"]
[WhiteElo "2491"]
[BlackElo "2563"]
[WhiteEngine "Raubfisch X37b3._CTG"]
[BlackEngine "Cryptic AIL V1"]
[EventType "Swiss"]
[WhiteTeam ""]
[BlackTeam ""]
[PlyCount "103"]
[TimeControl "300+1"]

1. e4 c5 2. Nf3 d6 3. d4 cxd4 4. Nxd4 Nf6 5. Nc3 a6 6. Be3 e5 7. Nb3 Be7 
8. Be2 Be6 9. O-O O-O 10. Qd3 Nc6 11. a3 Rc8 12. Nd5 Nd7 13. Qd2 h6 14. Rad1 Bg5 
15. Bxg5 Qxg5 16. Qxg5 hxg5 17. h3 Rfd8 18. Bg4 Nf6 19. Bxe6 fxe6 20. Nb6 Rc7 
21. Rfe1 Kf7 22. c3 Nb8 23. a4 Ke7 24. Rd3 Nbd7 25. Nxd7 Nxd7 26. a5 b5 
27. Nd2 Rdc8 28. Rg3 b4 29. c4 Rc5 30. Ra1 Nb8 31. Rxg5 Kf7 32. Rd1 Nc6 
33. Nb3 Rxc4 34. Rxd6 Rxe4 35. Kh2 Ke7 36. Rd2 Kf6 37. Rg4 Rxg4 38. hxg4 Ke7 
39. Rc2 Rh8+ 40. Kg3 Nd4 41. Nxd4 exd4 42. Kf3 Kd6 43. Rc4 Kd5 44. Rxb4 e5 
45. Rb7 e4+ 46. Ke2 d3+ 47. Ke3 Rh1 48. Rd7+ Ke5 49. Re7+ Kd5 50. Rd7+ Ke5 
51. Re7+ Kd5 52. Rd7+ 1/2-1/2

[Event "Thursday Night Engine Tour 11 Rd Swiss 5m+1s Starts at 2200hrs ST"]
[Site "Infinity Chess"]
[Date "2018.1.18"]
[Round "3"]
[White "ludimilojko"]
[Black "tris77"]
[Result "1/2-1/2"]
[ECO "B90"]
[WhiteElo "2389"]
[BlackElo "2426"]
[WhiteEngine "CorChess 2.0_x64_CTG"]
[BlackEngine "Raubfisch X37b_CTG"]
[EventType "Swiss"]
[WhiteTeam ""]
[BlackTeam ""]
[PlyCount "112"]
[TimeControl "300+1"]

1. e4 c5 2. Nf3 d6 3. d4 cxd4 4. Nxd4 Nf6 5. Nc3 a6 6. Be3 e5 7. Nb3 Be6 
8. f3 Be7 9. Qd2 O-O 10. O-O-O Nbd7 11. g4 b5 12. g5 Nh5 13. Nd5 Bxd5 
14. exd5 f6 15. gxf6 Bxf6 16. Na5 Qe8 17. Bh3 Nf4 18. Bxf4 exf4 19. Rhe1 Ne5 
20. Re4 Kh8 21. Qe2 Qh5 22. Be6 Bd8 23. Nc6 Nc4 24. Kb1 Bb6 25. a4 Qg5 
26. c3 Qf6 27. Rd3 Rae8 28. Rd1 Qg6 29. Ka1 Qg5 30. Ka2 Ne3 31. a5 Bd8 
32. Re1 Qh5 33. Rg1 Bc7 34. Kb1 Rf6 35. Qf2 Ref8 36. Ka2 Re8 37. Kb1 Ref8 
38. Ka1 Rh6 39. h3 Rhf6 40. h4 Rh6 41. Re1 Rhf6 42. Kb1 Bd8 43. Ka1 Bc7 
44. Ka2 Nxd5 45. Qa7 Ne3 46. Qxc7 Rxe6 47. Rg1 g6 48. Rg5 Qxh4 49. Rxe6 Qxg5 
50. Rxd6 Qc5 51. Rd4 g5 52. Rd7 Qc4+ 53. Kb1 Qf1+ 54. Ka2 Qc4+ 55. Kb1 Qf1+ 
56. Ka2 Qc4+ 1/2-1/2

[Event "Thursday Night Engine Tour 11 Rd Swiss 5m+1s Starts at 2200hrs ST"]
[Site "Infinity Chess"]
[Date "2018.1.18"]
[Round "3"]
[White "KULLANI"]
[Black "Dovahkiin"]
[Result "1/2-1/2"]
[ECO "B90"]
[WhiteElo "2446"]
[BlackElo "2455"]
[WhiteEngine "BrainFish_180113_x64_CTG"]
[BlackEngine "BrainFish_180113_x64_modern_CTG"]
[EventType "Swiss"]
[WhiteTeam ""]
[BlackTeam ""]
[PlyCount "127"]
[TimeControl "300+1"]

1. e4 c5 2. Nf3 d6 3. d4 cxd4 4. Nxd4 Nf6 5. Nc3 a6 6. Be3 e5 7. Nb3 Be6 
8. f3 h5 9. Qd2 Nbd7 10. Nd5 Bxd5 11. exd5 g6 12. Na5 Bg7 13. Nxb7 Qb8 
14. Na5 Qxb2 15. Rd1 e4 16. Bd4 Qb8 17. Be2 Qc7 18. Nc6 O-O 19. O-O Rfe8 
20. c4 exf3 21. Bxf3 Ne4 22. Qf4 f5 23. Bxg7 Kxg7 24. h3 Ndf6 25. a4 Kg8 
26. a5 Nc5 27. Rb1 Rac8 28. Rb6 Nfe4 29. Kh2 Kh7 30. Rd1 Nc3 31. Rf1 N3e4 
32. Nb4 Qg7 33. Bxe4 Rxe4 34. Qxd6 Nb7 35. Qf6 Qxf6 36. Rxf6 Nxa5 37. Nxa6 Rcxc4 
38. Rf7+ Kh6 39. Nc7 Nb3 40. Ne6 Nd4 41. Nf8 Rc2 42. Rd7 Rc8 43. Rh7+ Kg5 
44. Rh8 Ree8 45. h4+ Kf6 46. Nd7+ Kg7 47. Rxe8 Rxe8 48. Nc5 Re5 49. Rd1 Nb5 
50. Ne6+ Kf6 51. d6 Nxd6 52. Nf8 Re8 53. Rxd6+ Ke5 54. Rxg6 Rxf8 55. Rh6 Kf4 
56. Rxh5 Kg4 57. Rh6 Rd8 58. Rh7 Rg8 59. Rf7 f4 60. Rh7 Rg6 61. Kg1 f3 
62. h5 Rf6 63. gxf3+ Rxf3 64. Kg2 1/2-1/2

[Event "Thursday Night Engine Tour 11 Rd Swiss 5m+1s Starts at 2200hrs ST"]
[Site "Infinity Chess"]
[Date "2018.1.18"]
[Round "3"]
[White "Cepri"]
[Black "klasman"]
[Result "1/2-1/2"]
[ECO "C50"]
[WhiteElo "2470"]
[BlackElo "2452"]
[WhiteEngine "asmFishW_12J18Mb_CTG"]
[BlackEngine "Raubfisch ME262_GTZ16b2_CTG"]
[EventType "Swiss"]
[WhiteTeam ""]
[BlackTeam ""]
[PlyCount "80"]
[TimeControl "300+1"]

1. e4 e5 2. Nf3 Nc6 3. Bc4 Bc5 4. d3 Nf6 5. c3 d6 6. O-O a5 7. Nbd2 O-O 8. h3 h6 
9. Re1 Be6 10. b3 Ba7 11. a4 Nd7 12. Nf1 Nb6 13. Bxe6 fxe6 14. Bd2 Nd7 
15. Rc1 Qe7 16. N1h2 Nc5 17. Be3 Rf7 18. Nf1 Raf8 19. Ng3 Bb6 20. Rc2 Qe8 
21. Rd2 Nd7 22. Bxb6 Nxb6 23. d4 Rf4 24. Re3 exd4 25. cxd4 d5 26. Qe2 Qf7 
27. Qb5 dxe4 28. Rxe4 Qd7 29. Rxf4 Rxf4 30. Qd3 Nd5 31. Ne2 Rf5 32. Qb5 Qc8 
33. Ng3 Rf4 34. Nf1 Rxf3 35. gxf3 Qd8 36. Qxb7 Qg5+ 37. Kh2 Qf4+ 38. Kg1 Qg5+ 
39. Kh2 Qf4+ 40. Kg1 Qg5+ 1/2-1/2

[Event "Thursday Night Engine Tour 11 Rd Swiss 5m+1s Starts at 2200hrs ST"]
[Site "Infinity Chess"]
[Date "2018.1.18"]
[Round "3"]
[White "BraveDevil"]
[Black "incredible"]
[Result "1/2-1/2"]
[ECO "E12"]
[WhiteElo "2515"]
[BlackElo "2485"]
[WhiteEngine "Cryptic AIL V1"]
[BlackEngine "Stockfish_x64_bmi2"]
[EventType "Swiss"]
[WhiteTeam ""]
[BlackTeam ""]
[PlyCount "103"]
[TimeControl "300+1"]

1. d4 Nf6 2. c4 e6 3. Nf3 b6 4. Nc3 Bb4 5. e3 O-O 6. Bd3 Bb7 7. O-O c5 8. Bd2 d5 
9. cxd5 Bxc3 10. bxc3 Qxd5 11. Qe2 Ne4 12. Rfd1 cxd4 13. cxd4 Nxd2 14. Rxd2 Rc8 
15. e4 Qd6 16. Re1 Nd7 17. e5 Qe7 18. Rdd1 Bd5 19. Be4 Nf8 20. Bxd5 exd5 
21. Qb5 Qd7 22. Qxd7 Nxd7 23. Rb1 a6 24. Nh4 g6 25. e6 fxe6 26. Rxe6 Kf7 
27. Rd6 Ke7 28. Rxd5 Rc6 29. f4 Rac8 30. f5 Rc1+ 31. Rxc1 Rxc1+ 32. Kf2 Rc2+ 
33. Kg3 gxf5 34. Nxf5+ Kd8 35. a3 Rc3+ 36. Kf4 Rxa3 37. Ne3 b5 38. Rg5 Nf6 
39. Rf5 Ke7 40. Re5+ Kd7 41. Rf5 Ke7 42. Re5+ Kd7 43. g4 b4 44. Rf5 Ke7 
45. g5 Nh5+ 46. Ke4 b3 47. Re5+ Kd7 48. Rd5+ Kc6 49. Rc5+ Kd7 50. Rd5+ Kc6 
51. Rc5+ Kd7 52. Rd5+ 1/2-1/2

[Event "Thursday Night Engine Tour 11 Rd Swiss 5m+1s Starts at 2200hrs ST"]
[Site "Infinity Chess"]
[Date "2018.1.18"]
[Round "3"]
[White "Coco69"]
[Black "Victorious"]
[Result "1/2-1/2"]
[ECO "C50"]
[WhiteElo "2489"]
[BlackElo "2544"]
[WhiteEngine "Raubfisch X37b3._CTG"]
[BlackEngine "BugChess2.41_Release"]
[EventType "Swiss"]
[WhiteTeam ""]
[BlackTeam ""]
[PlyCount "41"]
[TimeControl "300+1"]

1. e4 e5 2. Nf3 Nc6 3. Bc4 Bc5 4. O-O Nf6 5. d3 d6 6. c3 O-O 7. h3 a5 8. Nbd2 h6 
9. Re1 Be6 10. a4 Bxc4 11. Nxc4 Re8 12. Be3 Bxe3 13. Nxe3 b6 14. Qb3 Ne7 
15. g3 Ng6 16. Kg2 Qd7 17. Rac1 Qc6 18. Qc4 Qd7 19. Qb3 Qc6 20. Qc4 Qd7 21. Qb3 
1/2-1/2